 Dungeon Crawl Stone Soup version 0.31.0-32-g396128a36d (webtiles) character file.

Game seed: 4908862222512894045

7013 Jinxx the Chiller (level 10, -3/73 HPs)
             Began as a Demonspawn Ice Elementalist on Apr 6, 2024.
             Was a Priest of Qazlal.
             Slain by a freezing wraith (5 damage)
             ... on level 8 of the Dungeon.
             The game lasted 00:46:15 (8895 turns).

Jinxx the Chiller (Demonspawn Ice Elementalist)     Turns: 8895, Time: 00:46:18

Health: -3/73      AC: 12    Str: 12    XL:     10   Next: 82%
Magic:  14/20      EV: 13    Int: 19    God:    Qazlal [***...]
Gold:   131        SH:  4    Dex: 13    Spells: 4/22 levels left

rFire   + . .        C - +4 mace "Kuuqoyck" {flame, rElec Dex+2 Stlth+}
rCold   . . .        (no shield)
rNeg    + . .        K - +1 robe of Baldness {rF+ rN+ Str+3 Dex-3}
rPois   .            k - +2 helmet
rElec   +            (no cloak)
rCorr   .            (no gloves)
SInv    .            (no boots)
Will    +....        (no amulet)
Stlth   +++          D - ring of willpower
HPRegen 0.32/turn    i - +4 ring of slaying
MPRegen 0.17/turn

%: no passive effects
@: ice-armoured, corroded, slowed, very slow
A: slimy green scales 1, ignite blood 2, demonic magic 1, demonic touch 1
a: Renounce Religion, Upheaval, Elemental Force


You were on level 8 of the Dungeon.
You worshipped Qazlal.
Qazlal was most pleased with you.
You visited 2 branches of the dungeon, and saw 9 of its levels.
You also visited: Sewer.

You collected 469 gold pieces.
You spent 338 gold pieces at shops.

Inventory:

Hand Weapons
 C - the +4 mace "Kuuqoyck" (weapon) {flame, rElec Dex+2 Stlth+}
   (You found it on level 5 of the Dungeon)

   Dex+2:     It affects your dexterity (+2).
   rElec:     It insulates you from electricity.
   Stlth+:    It makes you more stealthy.
Missiles
 s - 6 poisoned darts
Armour
 a - a +0 robe
 k - a +2 helmet (worn)
 E - +1 swamp dragon scales
 H - a +1 robe of fire resistance
 K - the +1 robe of Baldness (worn) {rF+ rN+ Str+3 Dex-3}
   (You bought it in a shop on level 8 of the Dungeon)

   Str+3:     It affects your strength (+3).
   Dex-3:     It affects your dexterity (-3).
   rF+:       It protects you from fire.
   rN+:       It protects you from negative energy.
Jewellery
 i - a +4 ring of slaying (right hand)
 v - a ring of protection from fire
 D - a ring of willpower (left hand)
Talismans
 p - a beast talisman
Wands
 f - a wand of roots (5)
 l - a wand of mindburst (10)
 G - a wand of flame (15)
Scrolls
 c - 2 scrolls of fog
 d - 2 scrolls of silence
 e - a scroll of acquirement {unknown}
 h - 3 scrolls of fear
 j - 2 scrolls of noise
 m - 2 scrolls of enchant armour {unknown}
 r - 2 scrolls of amnesia {unknown}
 u - a scroll of brand weapon {unknown}
 w - 2 scrolls of revelation
 y - a scroll of enchant weapon {unknown}
 A - 3 scrolls of teleportation {unknown}
 B - 2 scrolls of immolation {unknown}
 I - a scroll of vulnerability {unknown}
 J - 2 scrolls of identify
Potions
 b - 2 potions of magic
 g - 7 potions of mutation
 n - 4 potions of curing
 o - 2 potions of heal wounds
 q - 2 potions of attraction
 t - a potion of cancellation {unknown}
 x - 4 potions of brilliance
 z - a potion of ambrosia {unknown}
 F - a potion of haste {unknown}


   Skills:
 * Level 4.4 Fighting
 + Level 1.3 Short Blades
 * Level 3.5 Maces & Flails
 + Level 1.3 Throwing
 * Level 4.4 Armour
 * Level 4.4 Dodging
 + Level 4.9 Stealth
 + Level 0.1 Shields
 * Level 6.8 Spellcasting
 * Level 4.0 Summonings
 * Level 4.5 Necromancy
 * Level 6.9 Ice Magic
 * Level 3.0 Alchemy
 * Level 4.7 Invocations
 * Level 2.5 Evocations


You had 4 spell levels left.
You knew the following spells:

 Your Spells              Type           Power      Damage    Failure   Level
a - Freeze                Ice            100%       1d10      1%          1
b - Frozen Ramparts       Ice            64%        1d10      1%          3
c - Ozocubu's Armour      Ice            32%        N/A       1%          3
d - Summon Ice Beast      Ice/Summ       27%        N/A       3%          3
e - Sculpt Simulacrum     Ice/Alch       12%        N/A       90%         6
f - Mercury Vapours       Alch/Air       24%        N/A       9%          2

Your spell library contained the following spells:

 Spells                   Type           Power      Damage    Failure   Level
 Necrotise                Necr           92%        1d8       1%          1
 Summon Small Mammal      Summ           84%        N/A       1%          1
 Sting                    Conj/Alch      48%        1d6       5%          1
 Apportation              Tloc           12%        N/A       11%         1
 Sandblast                Erth           12%        2d6       11%         1
 Olgreb's Toxic Radiance  Alch           18%        N/A       28%         4
 Passwall                 Erth           6%         N/A       30%         3
 Stone Arrow              Conj/Erth      12%        3d7       30%         3
 Brom's Barrelling Bould  Conj/Erth      6%         2d3       71%         4
 Metabolic Englaciation   Hex/Ice        9%         N/A       56%         5


Dungeon Overview and Level Annotations

Branches:
Dungeon (8/15)             Temple (1/1) D:4           Sewer (visited)
   Lair: D:8-11

Altars:
Ashenzari
Dithmenos
Fedhas
Gozag
Hepliaklqana
Kikubaaqudgha
Makhleb
Nemelex Xobeh
Okawaru
Qazlal
Ru
Sif Muna
Trog
Uskayaw
Vehumet
Wu Jian
Xom
Yredelemnul

Shops:
D:8 *

Annotations:
D:8 3 runed translucent doors, Pascal76's ghost, novice MiFi; Whimmes's ghost, novice OpSh


Innate Abilities, Weirdness & Mutations

You are partially covered in slimy green scales. (AC +2)
Your demonic aura often causes spilled blood to erupt in flames.
Spells you cast may paralyse adjacent enemies.
Your touch may inflict minor irresistible damage on your foes.


Message History

The brown ugly thing is lightly wounded.
The helpless freezing wraith fails to defend itself.
You hit the freezing wraith but do no damage.
The freezing wraith is no longer paralysed.
The freezing wraith hits you but does no damage.
The freezing wraith hits you. The freezing wraith drains your vigour!
You feel yourself slow down.
Your ice beast hits the freezing wraith.
Your ice beast freezes the freezing wraith.
The freezing wraith completely resists.
The helpless brown ugly thing fails to defend itself.
You hit the brown ugly thing. You burn the brown ugly thing.
The brown ugly thing is lightly wounded.
The brown ugly thing is no longer paralysed.
The freezing wraith hits you but does no damage.
The freezing wraith completely misses you.
Your ice beast hits the freezing wraith but does no damage.
The brown ugly thing gores you. The acid corrodes you!
You are splashed with acid.
The freezing wraith hits you but does no damage.
The freezing wraith hits you.
Your ice beast closely misses the freezing wraith.
Aiming: Freeze (safe; 1% risk of failure)
Press: ? - help, Q - select action, (/) - cycle Shift-Dir - straight line, f - freezing wraith
Aim: a freezing wraith (ally target)
You freeze the freezing wraith but do no damage.
The freezing wraith completely resists.
Malevolent energies surge around you.
The brown ugly thing gores you but does no damage.
The freezing wraith hits you. The freezing wraith freezes you!
The freezing wraith hits you.
Your ice beast is engulfed in a thunderstorm.
You kill your ice beast!
Your ice beast disappears in a puff of smoke!
The brown ugly thing gores you. The acid corrodes you!
You are splashed with acid!
The freezing wraith hits you. The freezing wraith freezes you!!
* * * LOW HITPOINT WARNING * * *
The freezing wraith hits you.
You die...

#..#.....#####..# ###......#
##......## #..###........#
#.....## #.......#.....#
#.....## ##.....####...##
........ ######...### ##...##
..#..............## ##...##
################## #....##
▓▓▓▓▓▓###▓▓▓▓▓▓▓ ##.>).##
⌠.©.⌠▓§©§▓⌠W@.⌠▓ #......
.)...▓._.▓.u§..▓ #......
..8[.▓...▓.....▓## #.....#
.[.:.▓...▓.....▓#.#####....##
⌠...⌠▓...▓⌠.©.⌠▓#.........###
▓▓▓▓▓▓...▓▓▓▓▓▓▓ #........##.
##'###### #.......###.
#......#####...........
##.###.>.##......##....


You could see a brown ugly thing and a freezing wraith.

Vanquished Creatures
  The ghost of nitefall the Chopper, a novice MiBe of Trog (D:6)
  A wolf spider zombie (D:7)
  2 centaur zombies (D:7)
  2 centaur skeletons (D:7)
  Maggie (D:7)
  A hellwing (D:7)
  A troll (D:6)
  A shadow (D:6)
  Eustachio (D:4)
  Duvessa (D:4)
  3 water moccasins
  5 orc warriors
  2 black bears
  2 ice beasts
  A crocodile (Sewer)
  2 centaurs (D:8)
  An ogre (D:7)
  2 phantoms
  A kobold brigand (D:6)
  2 bullfrogs
  3 scorpions
  2 water moccasin zombies (D:4)
  3 wights
  Dowan (D:4)
  A burial acolyte (D:7)
  6 killer bees (D:7)
  2 howler monkeys
  A bombardier beetle (D:7)
  4 jellies
  4 orc priests
  5 hounds
  3 iguanas (D:5)
  A sleepcap (D:7)
  5 orc wizards
  2 hound zombies
  Robin (D:2)
  8 adders
  3 gnolls (D:2)
  4 shadow imps (D:7)
  2 white imps
  4 ufetubi
  3 adder zombies
  2 ribbon worms (D:3)
  2 dart slugs
  25 orcs
  11 ball pythons
  11 endoplasms
  5 giant cockroaches
  14 hobgoblins
  15 jackals
  13 kobolds
  A quokka (D:5)
  2 bats (D:2)
  6 frilled lizards
  14 goblins
  2 kobold zombies (D:7)
  5 rats
229 creatures vanquished.

Vanquished Creatures (collateral kills)
  2 wights (D:7)
  An orc wizard (D:6)
  A shadow imp (D:7)
  An orc (D:6)
  2 gnoll zombies (D:7)
7 creatures vanquished.

Vanquished Creatures (others)
  A troll (D:6)
  A bullfrog (D:6)
  A scorpion (D:6)
  A hound (D:6)
  An adder (D:6)
5 creatures vanquished.

Grand Total: 241 creatures vanquished

Notes
Turn   | Place    | Note
-------+----------+-------------------------------------------
     0 | D:1      | Jinxx the Demonspawn Ice Elementalist began the quest for
                  | the Orb.
     0 | D:1      | Reached XP level 1. HP: 13/13 MP: 3/3
   173 | D:1      | Gained mutation: Spells you cast may paralyse adjacent
                  | enemies. [demonic ancestry]
   173 | D:1      | Reached XP level 2. HP: 16/19 MP: 0/5
   632 | D:1      | Gained mutation: Your touch may inflict minor irresistible
                  | damage on your foes. [demonic ancestry]
   632 | D:1      | Reached XP level 3. HP: 24/25 MP: 6/6
  1003 | D:2      | Reached skill level 1 in Fighting
  1003 | D:2      | Gained mutation: You are partially covered in slimy green
                  | scales. (AC +2) [demonic ancestry]
  1003 | D:2      | Reached XP level 4. HP: 16/32 MP: 4/7
  1252 | D:2      | Learned a level 3 spell: Frozen Ramparts
  1256 | D:2      | Learned a level 3 spell: Ozocubu's Armour
  1264 | D:2      | Noticed Robin
  1281 | D:2      | Killed Robin
  1496 | D:2      | Found a faded altar of an unknown god.
  1945 | D:3      | Gained mutation: Your demonic aura sometimes causes spilled
                  | blood to erupt in flames. [demonic ancestry]
  1945 | D:3      | Reached XP level 5. HP: 24/37 MP: 2/9
  1947 | D:3      | Reached skill level 1 in Armour
  2146 | D:3      | Found an ornate altar of the Wu Jian Council.
  2625 | D:4      | Noticed Eustachio
  2627 | D:4      | Found a staircase to the Ecumenical Temple.
  2634 | D:4      | Killed Eustachio
  2635 | D:4      | Reached skill level 1 in Short Blades
  2635 | D:4      | Reached skill level 1 in Necromancy
  2635 | D:4      | Reached XP level 6. HP: 44/44 MP: 2/11
  2639 | D:4      | Learned a level 3 spell: Summon Ice Beast
  2662 | Temple   | Entered the Ecumenical Temple
  2714 | Temple   | Became a worshipper of Qazlal Stormbringer
  2765 | D:4      | Noticed Duvessa
  2766 | D:4      | Noticed Dowan
  2775 | D:4      | Killed Duvessa
  2794 | D:4      | Killed Dowan
  2975 | D:4      | Found a basalt altar of Yredelemnul.
  2988 | D:4      | Reached XP level 7. HP: 48/50 MP: 6/12
  3030 | D:4      | Found a glowing drain.
  3094 | Sewer    | Entered a sewer
  3256 | Sewer    | Reached skill level 1 in Summonings
  3415 | D:4      | Reached skill level 1 in Maces & Flails
  3620 | D:4      | Reached skill level 5 in Ice Magic
  3968 | D:5      | Entered Level 5 of the Dungeon
  4086 | D:5      | Reached * piety under Qazlal
  4089 | D:5      | Reached XP level 8. HP: 39/57 MP: 5/14
  4334 | D:5      | Identified the +4 mace "Kuuqoyck" {flame, rElec Dex+2
                  | Stlth+}
  4528 | D:5      | Found a radiant altar of Vehumet.
  5062 | D:6      | Reached skill level 1 in Invocations
  5094 | D:6      | Found a runed translucent gate.
  5094 | D:6      | Found a runed translucent gate.
  5098 | D:6      | Found a runed translucent gate.
  5098 | D:6      | Noticed a troll
  5111 | D:6      | Noticed nitefall's ghost (novice MiBe)
  5191 | D:6      | Reached skill level 5 in Spellcasting
  5411 | D:6      | Reached skill level 1 in Throwing
  5636 | D:6      | Killed a troll
  5727 | D:6      | Found a shimmering altar of Xom.
  5771 | D:6      | Reached XP level 9. HP: 48/61 MP: 4/17
  5778 | D:6      | Learned a level 6 spell: Sculpt Simulacrum
  5918 | D:6      | Reached ** piety under Qazlal
  6555 | D:6      | Killed nitefall's ghost
  6561 | D:6      | Reached skill level 1 in Alchemy
  6561 | D:6      | Reached skill level 1 in Evocations
  6567 | D:6      | Killed a troll
  6980 | D:7      | Gained mutation: Your demonic aura often causes spilled
                  | blood to erupt in flames. [demonic ancestry]
  6980 | D:7      | Reached XP level 10. HP: 66/71 MP: 7/19
  7274 | D:7      | Learned a level 2 spell: Mercury Vapours
  7570 | D:7      | Found an opulent altar of Gozag.
  7586 | D:7      | Noticed Maggie
  7595 | D:7      | Killed Maggie
  7747 | D:7      | Found an ancient bone altar of Kikubaaqudgha.
  7764 | D:7      | Reached *** piety under Qazlal
  8445 | D:8      | Found a runed translucent gate.
  8445 | D:8      | Found a runed translucent gate.
  8445 | D:8      | Noticed Whimmes's ghost (novice OpSh)
  8446 | D:8      | Found a runed translucent gate.
  8446 | D:8      | Noticed Pascal76's ghost (novice MiFi)
  8680 | D:8      | Found Iskohyz's Assorted Antiques.
  8707 | D:8      | Bought a scroll of identify for 46 gold pieces
  8707 | D:8      | Bought a scroll of identify for 46 gold pieces
  8707 | D:8      | Bought a heavily runed robe for 131 gold pieces
  8707 | D:8      | Identified the +1 robe of Baldness {rF+ rN+ Str+3 Dex-3}
                  | (You bought it in a shop on level 8 of the Dungeon)
  8707 | D:8      | Bought a potion of heal wounds for 115 gold pieces
  8760 | D:8      | Found a blossoming altar of Fedhas.
  8881 | D:8      | Found a sparkling altar of Nemelex Xobeh.
  8881 | D:8      | Found a transporter.
  8882 | D:8      | Noticed a brown ugly thing
  8895 | D:8      | HP: 2/73 [freezing wraith (22)]
  8895 | D:8      | Slain by a freezing wraith

Illustrated notes

Levels and vault maps discovered:
D:1:      mainiacjoe_arrival_reflecting_pool, layout_basic, minmay_hexomino_p4
D:2:      layout_loops_ring, basic_ecumenical_altar, kennysheep_flooded_box,
          minmay_crystal_water, uniq_robin
D:3:      layout_basic, nzn_wu_jian_contemplation, minivault_23,
          grunt_decor_arrowhead
D:4:      layout_loops_cross, nicolae_yredelemnul_corpse_copse,
          minmay_temple_entry_glass, portal_sewer_entry_d,
          nicolae_twisty_statue_hallways, uniq_duvessa, uniq_eustachio
D:5:      layout_cave_pools, mainiacjoe_overflow_large_starburst,
          dk_noncrumbling_4, chequers_serial_rivers_room_b, minmay_misc_feat_x
D:6:      layout_cave_pods, xom_confusion_cloud, gammafunk_ghost_split,
          eino_small_chamber_without_monster, minivault_4,
          dreamdust_princess_corridor
D:7:      cheibrodos_grave_circle, layout_cave_pools,
          mainiacjoe_overflow_alcove_1, regret_index_kikubaaqudgha_part_by_part,
          uniq_maggie
D:8:      layout_layer_cave, grunt_nemelex_the_gamble, fedhas_altar_2,
          lair_entry_dummy, serial_shops, nicolae_shop_tiny_waterfront,
          gammafunk_ghost_cemetery, chequers_serial_rivers_marsh
Temple:   minmay_temple_forest_path

Skill      XL: |  1  2  3  4  5  6  7  8  9 10 |
---------------+-------------------------------+-----
Ice Magic      | 4 5 6 |  6.9
Stealth        | 2 3 4 |  4.9
Dodging        | 2 3 4 |  4.4
Fighting       | 1 2 3 4 |  4.4
Armour         | 1 2 3 4 |  4.4
Spellcasting   | 3 4 5 6 |  6.8
Short Blades   | 1 |  1.3
Necromancy     | 1 2 3 4 |  4.5
Summonings     | 1 2 3 4 |  4.0
Maces & Flails | 1 2 3 |  3.5
Invocations    | 2 3 4 |  4.7
Throwing       | 1 |  1.3
Alchemy        | 1 3 |  3.0
Evocations     | 1 2 |  2.5
Shields        | |  0.1

Action                     |  1- 3 |  4- 6 |  7- 9 | 10-12 || total
---------------------------+-------+-------+-------+-------++-------
  Melee: Unarmed           |     5 |       |       |       ||     5
         Dagger            |    17 |       |       |       ||    17
         Short sword       |    10 |    58 |    15 |       ||    83
         Punch             |     1 |     2 |     3 |       ||     6
         Mace              |    22 |     9 |    74 |    65 ||   170
         Touch             |     6 |    17 |    24 |    13 ||    60
         Whip              |       |       |    37 |       ||    37
  Throw: Dart              |       |    11 |    17 |    13 ||    41
   Cast: Freeze            |    39 |    25 |    44 |    24 ||   132
         Frozen Ramparts   |       |     7 |    36 |    17 ||    60
         Ozocubu's Armour  |       |     5 |    30 |    16 ||    51
         Summon Ice Beast  |       |       |     5 |     7 ||    12
         Mercury Vapours   |       |       |       |     5 ||     5
  Evoke: Wand              |       |       |       |     9 ||     9
    Use: Scroll            |       |       |     4 |     6 ||    10
         Potion            |       |       |     1 |       ||     1
   Stab: Paralysed         |    12 |    14 |    57 |    28 ||   111
         Distracted        |       |       |       |     1 ||     1
 Armour: Robe              |    48 |    36 |    82 |    56 ||   222
  Dodge: Dodged            |    66 |    33 |    95 |    68 ||   262
  Block: Other             |       |       |     3 |    13 ||    16
